 Dungeon Crawl Stone Soup version 0.29-a0-234-g0dae59b3db (webtiles) character file.

Game seed: 1072543689751749748

92 freelancePsychic the Frost Mage (level 4, -1/51 HPs)
             Began as a Gnoll Wanderer on Mar 3, 2022.
             Slain by a mummy (12 damage)
             ... in an ossuary.
             The game lasted 00:05:47 (3133 turns).

freelancePsychic the Frost Mage (Gnoll Wanderer)    Turns: 3133, Time: 00:05:47

Health: -1/51      AC:  3    Str:  9    XL:     4   Next: 60%
Magic:  8/8        EV: 11    Int: 16    God:
Gold:   192        SH:  5    Dex: 11    Spells: 5/9 levels left

rFire   . . .      SeeInvis .   o - +4 dagger (venom)
rCold   . . .      Faith    .   (no shield)
rNeg    . . .      Spirit   .   d - +0 robe
rPois   .          Reflect  +   (no helmet)
rElec   .          Harm     .   (no cloak)
rCorr   .          Rampage  .   (no gloves)
Will    .....                   c - +0 pair of boots
Stlth   ..........              v - amulet of reflection
HPRegen 0.17/turn               (no ring)
MPRegen 0.11/turn               (no ring)

@: berserking (expiring), very quick
A: fangs 1, strong nose, distributed training
a: no special abilities


You were in an ossuary.
You visited 1 branch of the dungeon, and saw 4 of its levels.
You also visited: Ossuary.

You collected 192 gold pieces.

Inventory:

Hand Weapons
 o - a +4 dagger of venom (weapon)
Missiles
 b - 9 poisoned darts (quivered)
 f - 3 curare-tipped darts
 k - 12 javelins
Armour
 c - a +0 pair of boots (worn)
 d - a +0 robe (worn)
Jewellery
 q - an amulet of magic regeneration
 v - an amulet of reflection (around neck)
Wands
 p - a wand of digging (4)
Scrolls
 n - a scroll of immolation
Potions
 a - a potion of lignification {unknown}
 g - 3 potions of curing {unknown}
 h - a potion of heal wounds {unknown}
 j - a potion of mutation {unknown}
 l - 2 potions of invisibility {unknown}
 r - a potion of attraction {unknown}
 s - 2 potions of degeneration {unknown}


   Skills:
 + Level 2.8 Fighting
 + Level 1.2 Short Blades
 + Level 1.2 Long Blades
 + Level 1.2 Axes
 + Level 1.2 Maces & Flails
 + Level 1.2 Polearms
 + Level 1.2 Staves
 + Level 1.2 Slings
 + Level 2.8 Bows
 + Level 1.2 Crossbows
 + Level 2.8 Throwing
 + Level 1.2 Armour
 + Level 1.2 Dodging
 + Level 2.6 Stealth
 + Level 1.2 Shields
 + Level 1.2 Unarmed Combat
 + Level 3.0 Spellcasting
 + Level 1.0 Conjurations
 + Level 1.0 Hexes
 + Level 1.0 Summonings
 + Level 1.0 Necromancy
 + Level 1.0 Translocations
 + Level 1.0 Transmutations
 + Level 1.0 Fire Magic
 + Level 8.8 Ice Magic
 + Level 1.0 Air Magic
 + Level 1.0 Earth Magic
 + Level 1.0 Poison Magic
 + Level 1.3 Invocations
 + Level 1.2 Evocations


You had 5 spell levels left.
You knew the following spells:

 Your Spells              Type           Power      Damage    Failure   Level
a - Freeze                Ice            100%       1d11      1%          1
b - Frozen Ramparts       Ice            60%        1d8       1%          3

Your spell library contained the following spells:

 Spells                   Type           Power      Damage    Failure   Level
 Apportation              Tloc           10%        N/A       12%         1
 Ice Form                 Ice/Tmut       18%        N/A       24%         4
 Alistair's Intoxication  Tmut/Pois      3%         N/A       98%         5


Dungeon Overview and Level Annotations

Branches:
Dungeon (4/15)            Ossuary (1/1)
 Temple: D:4-7

Altars:
Dithmenos

Shops:
D:4 [(

Annotations:
D:3 Natasha, Sigmund


Innate Abilities, Weirdness & Mutations

You have very sharp teeth.
Your uncanny sense of smell can sniff out nearby items.
Your experience applies equally to all skills.


Message History

You block the hobgoblin zombie's attack.
The mummy misses you. The mummy completely misses you.
The hobgoblin zombie closely misses you.
The hobgoblin zombie closely misses you.
The mummy hits you!
* * * LOW HITPOINT WARNING * * *
You open the door.
You block the hobgoblin zombie's attack.
Found four items.
A mummy comes into view.
Found a puce potion and 17 gold pieces.
There is an open door here.
Found 8 gold pieces.
Found 12 gold pieces.
Found 14 gold pieces.
You see here a pink potion.
You see here a yellow potion.
It was a potion of berserk rage.
A red film seems to cover your vision as you go berserk!
You feel yourself moving faster!
You feel mighty!
You feel a strong urge to attack something.
The gnoll zombie hits you but does no damage.
You puncture the gnoll zombie!
The gnoll zombie is severely damaged.
You hit the gnoll zombie.
You destroy the gnoll zombie!
You barely miss the orc zombie. You hit the orc zombie.
The orc zombie is heavily damaged.
The orc zombie barely misses you.
You puncture the orc zombie!
You destroy the orc zombie!
You barely miss the mummy. You bite the mummy!
The mummy is heavily damaged.
You barely miss the mummy. Your bite misses the mummy.
The mummy is heavily damaged.
You hit the mummy.
The mummy is almost destroyed.
The mummy hits you!
You die...

#....M...........
#.M.............
##ZZ.MM.........
#M##Z.......#
##..##......##
##M...##....##
##!M....#....# ∆
#$.M....#....# ∆
#$.@....#....# ∆∆
#$$.....#....# ∆
##$.!...#....# ∆
∆ #$$...##....#
∆∆∆ ##$...##....#
∆∆ #$..###.∩∩.# ∆
##### ######


You could see 5 mummies, a hobgoblin zombie and an orc zombie.

Vanquished Creatures
  2 adders
  A worm (D:2)
  2 dart slugs
  3 bats
  3 endoplasms (D:1)
  A giant cockroach (D:3)
  8 goblins
  4 hobgoblins
  6 jackals
  4 quokkas
  5 ball pythons
  3 frilled lizards
  A gnoll zombie (Ossuary)
  2 hobgoblin zombies (Ossuary)
  4 kobolds
  A kobold zombie (Ossuary)
  An orc zombie (Ossuary)
  9 rats
60 creatures vanquished.

Vanquished Creatures (collateral kills)
  An ufetubus (D:4)
1 creature vanquished.

Grand Total: 61 creatures vanquished

Notes
Turn   | Place    | Note
-------+----------+-------------------------------------------
     0 | D:1      | freelancePsychic the Gnoll Wanderer began the quest for the
                  | Orb.
     0 | D:1      | freelancePsychic set off with the following items: a +0
                  | shortbow, 10 poisoned darts, a +0 dagger, a +0 robe; and
                  | the following spell memorised: Freeze; and the following
                  | spells available to memorise: Frozen Ramparts, Ice Form
     0 | D:1      | Reached XP level 1. HP: 17/17 MP: 4/4
   155 | D:1      | You fall into a shaft and drop 1 floor!
   341 | D:2      | Reached XP level 2. HP: 23/23 MP: 5/5
   650 | D:1      | Reached XP level 3. HP: 25/28 MP: 7/7
   654 | D:1      | Learned a level 3 spell: Frozen Ramparts
  1029 | D:2      | Reached skill level 1 in Invocations
  1414 | D:2      | Reached skill level 1 in Short Blades
  1414 | D:2      | Reached skill level 1 in Long Blades
  1414 | D:2      | Reached skill level 1 in Axes
  1414 | D:2      | Reached skill level 1 in Maces & Flails
  1414 | D:2      | Reached skill level 1 in Polearms
  1414 | D:2      | Reached skill level 1 in Staves
  1414 | D:2      | Reached skill level 1 in Slings
  1414 | D:2      | Reached skill level 1 in Crossbows
  1414 | D:2      | Reached skill level 1 in Armour
  1414 | D:2      | Reached skill level 1 in Dodging
  1414 | D:2      | Reached skill level 1 in Shields
  1414 | D:2      | Reached skill level 1 in Unarmed Combat
  1414 | D:2      | Reached skill level 1 in Evocations
  1601 | D:2      | Reached XP level 4. HP: 31/34 MP: 2/8
  2002 | D:3      | Noticed Natasha
  2043 | D:3      | Found a shadowy altar of Dithmenos.
  2082 | D:3      | Noticed Sigmund
  2817 | D:4      | Found Vanei's Antique Armour Shop.
  2823 | D:4      | Found Dinaf's Antique Weapon Shop.
  2841 | D:4      | Reached skill level 1 in Conjurations
  2841 | D:4      | Reached skill level 1 in Hexes
  2841 | D:4      | Reached skill level 1 in Summonings
  2841 | D:4      | Reached skill level 1 in Necromancy
  2841 | D:4      | Reached skill level 1 in Translocations
  2841 | D:4      | Reached skill level 1 in Transmutations
  2841 | D:4      | Reached skill level 1 in Fire Magic
  2841 | D:4      | Reached skill level 1 in Air Magic
  2841 | D:4      | Reached skill level 1 in Earth Magic
  2841 | D:4      | Reached skill level 1 in Poison Magic
  3037 | D:4      | Found a sand-covered staircase.
  3046 | Ossuary  | Entered an ossuary
  3133 | Ossuary  | Slain by a mummy

Illustrated notes

Levels and vault maps discovered:
D:1:      lemuel_arrival_muddy, layout_basic
D:2:      layout_basic, serial_rivers, chequers_serial_rivers_large_a,
          chequers_serial_rivers_micro_c, chequers_serial_rivers_large_b,
          chequers_serial_rivers_micro_c, chequers_serial_rivers_micro_c
D:3:      layout_basic, nicolae_dithmenos_through_a_glass_darkly, uniq_natasha,
          uniq_sigmund
D:4:      layout_rooms, enter_ossuary_4, nicolae_wooded_promenade,
          minmay_misc_feat_ornament, uniq_duvessa
Ossuary:  ossuary_tomb_3

Skill      XL: |  1  2  3  4 |
---------------+-------------+-----
Invocations    | 1 |  1.3
Short Blades   | 1 |  1.2
Long Blades    | 1 |  1.2
Axes           | 1 |  1.2
Maces & Flails | 1 |  1.2
Polearms       | 1 |  1.2
Staves         | 1 |  1.2
Slings         | 1 |  1.2
Crossbows      | 1 |  1.2
Armour         | 1 |  1.2
Dodging        | 1 |  1.2
Shields        | 1 |  1.2
Unarmed Combat | 1 |  1.2
Evocations     | 1 |  1.2
Spellcasting   | 3 |  3.0
Conjurations   | 1 |  1.0
Hexes          | 1 |  1.0
Summonings     | 1 |  1.0
Necromancy     | 1 |  1.0
Translocations | 1 |  1.0
Transmutations | 1 |  1.0
Fire Magic     | 1 |  1.0
Air Magic      | 1 |  1.0
Earth Magic    | 1 |  1.0
Poison Magic   | 1 |  1.0
Fighting       | |  2.8
Bows           | |  2.8
Throwing       | |  2.8
Stealth        | |  2.6
Ice Magic      | |  8.8

Action                   |  1- 3 |  4- 6 || total
-------------------------+-------+-------++-------
Melee: Dagger            |    23 |    45 ||    68
       Bite              |     4 |     2 ||     6
       Punch             |       |     1 ||     1
 Fire: Shortbow          |    47 |       ||    47
Throw: Dart              |       |     3 ||     3
 Cast: Freeze            |     5 |     2 ||     7
       Frozen Ramparts   |     7 |     1 ||     8
  Use: Scroll            |       |    12 ||    12
       Potion            |       |     1 ||     1
 Stab: Sleeping          |     1 |     2 ||     3
Armor: Robe              |    12 |    13 ||    25
Dodge: Dodged            |    17 |    20 ||    37
Block: Other             |       |     7 ||     7

Table legend: (Time is in decaauts)
 A = Elapsed time spent in this place.
 B = Non-inter-level travel time spent in this place.
 C = Inter-level travel time spent in this place.
 D = Time resting spent in this place.
 E = Time spent auto-exploring this place.
 F = Levels seen in this place.
 G = Mean time per level.
                   A        B        C        D        E       F      G
               +--------+--------+--------+--------+--------+-----+--------+
         Total |   3202 |   3102 |    100 |    172 |   2386 |   5 |  640.4 |
       Dungeon |   3118 |   3018 |    100 |    172 |   2384 |   4 |  779.5 |
       Ossuary |     83 |     83 |      0 |      0 |      2 |   1 |   83.0 |
               +--------+--------+--------+--------+--------+-----+--------+

Top non-repeatable levels by time:
     D:2: 1205 daAuts
     D:3: 826 daAuts
     D:1: 808 daAuts
     D:4: 278 daAuts
 Ossuary: 83 daAuts
